[Event "December 12 Early 2023"]
[Site "https://www.chess.com"]
[Date "2023.12.12"]
[Round "4"]
[White "Sarkar, Justin"]
[Black "Rangel, Daniel"]
[Result "0-1"]
[Board "157"]
[TimeControl "180+1"]
[WhiteFideId "2010011"]
[BlackFideId "2124475"]
[WhiteElo "2324"]
[BlackElo "2506"]
[WhiteTeam "USA"]
[BlackTeam "BRA"]
[WhiteClock "0:00:00"]
[BlackClock "0:01:22"]

1. e4 c5 2. Nf3 g6 3. h4 Bg7 4. h5 Nc6 5. Nc3 e6 6. d3 d5 7. Bf4 d4 8. Ne2 e5 9. Bc1 Bg4 10. hxg6 hxg6 11. Rxh8 Bxh8 12. Nh2 Be6 13. g3 Qd7 14. f4 Nge7 15. Nf3 Bg4 16. Bg2 O-O-O 17. Kf2 f5 18. Ng5 Rf8 0-1

[Event "December 12 Early 2023"]
[Site "https://www.chess.com"]
[Date "2023.12.12"]
[Round "4"]
[White "Dilmukhametov, Artur"]
[Black "Herman, Matthew"]
[Result "1-0"]
[Board "158"]
[TimeControl "180+1"]
[WhiteFideId "24179922"]
[BlackFideId "2028964"]
[WhiteElo "2440"]
[BlackElo "2506"]
[WhiteTeam "RUS"]
[BlackTeam "USA"]
[WhiteClock "0:00:05"]
[BlackClock "0:00:00"]

1. e4 e5 2. Nf3 Nc6 3. Bc4 Nf6 4. d3 Be7 5. O-O O-O 6. c3 d6 7. Nbd2 Na5 8. Bb5 a6 9. Ba4 b5 10. Bc2 c5 11. Re1 Re8 12. Nf1 h6 13. Ne3 Bf8 14. a3 c4 15. Nf5 Bxf5 16. exf5 cxd3 17. Bb3 Nxb3 18. Qxb3 e4 19. Nd4 d5 20. h3 Bc5 21. Be3 Qb6 22. Rad1 Rab8 23. Kh1 Red8 24. g4 Nh7 25. h4 Qd6 26. Kg2 Bb6 27. Rh1 Bc7 28. Rdg1 Qd7 29. Kf1 Nf8 30. g5 h5 31. Qd1 g6 32. fxg6 fxg6 33. Qb3 a5 34. Qa2 Kh7 35. Qb1 b4 36. axb4 axb4 37. Qd1 bxc3 38. bxc3 Be5 39. Kg2 Rb2 40. Qa1 Qg4+ 41. Kf1 Qe2+ 42. Nxe2 Rxe2 43. Kg2 Rd7 44. Re1 Rc2 45. Rc1 Re2 46. Rhd1 Rf7 47. Rd2 Rxe3 48. fxe3 Rf3 49. Rf2 Rg3+ 50. Kf1 Ne6 51. Ke1 Rg1+ 52. Kd2 Rg3 53. Rcf1 Ng7 54. Rf7 Rg2+ 55. R1f2 Rg4 56. Qa7 Rg1 57. Qb7 Ra1 58. Qxd5 Ra2+ 59. Ke1 Bxc3+ 60. Kf1 Ra1+ 61. Kg2 Rc1 62. Rxg7+ Bxg7 63. Rf7 Rc2+ 64. Kg3 Rd2 65. Qd7 Re2 66. Rxg7+ Kh8 67. Rh7+ 1-0

[Event "December 12 Early 2023"]
[Site "https://www.chess.com"]
[Date "2023.12.12"]
[Round "4"]
[White "Andrews, Todd"]
[Black "Silvestre, Christian"]
[Result "0-1"]
[Board "159"]
[TimeControl "180+1"]
[WhiteFideId "2012456"]
[BlackFideId "30956269"]
[WhiteElo "2506"]
[BlackElo "2321"]
[WhiteTeam "USA"]
[BlackTeam "USA"]
[WhiteClock "0:00:13"]
[BlackClock "0:00:16"]

1. d4 e5 2. dxe5 Nc6 3. e4 Nxe5 4. f4 Nc6 5. Nf3 Bc5 6. Bc4 d6 7. Qe2 Qe7 8. Nc3 Bg4 9. Nd5 Qd7 10. Be3 Nd4 11. Bxd4 Bxd4 12. O-O-O Bc5 13. e5 O-O-O 14. h3 Be6 15. Kb1 Ne7 16. Rhe1 Nxd5 17. Bxd5 Bxd5 18. Rxd5 Qc6 19. Qc4 Bf2 20. Re4 dxe5 21. Rxd8+ Rxd8 22. a4 Qxc4 23. Rxc4 exf4 24. Rxf4 f6 25. Re4 Bc5 26. c3 Bd6 27. Kc2 Kd7 28. Nd4 Re8 29. Rg4 g6 30. Kd3 f5 31. Rh4 h5 32. Nf3 a5 33. Rd4 Kc6 34. Nh4 Re6 35. Rc4+ Kd7 36. g4 fxg4 37. hxg4 hxg4 38. Rxg4 g5 39. Rxg5 Be7 40. Rg7 Kc6 41. Nf5 Bd6 42. Nd4+ Kd5 43. Nxe6 Kxe6 44. Rg8 Kd5 45. Ra8 b6 46. c4+ Kc6 47. b3 Kb7 48. Kd4 Kxa8 49. Kd5 Kb7 50. Kd4 Bb4 51. Kd5 Kc8 52. Kc6 Kd8 53. Kb7 Kd7 54. Kb8 Kd6 55. Kb7 Bc5 56. Kc8 Ke5 57. Kxc7 Kd4 58. Kc6 Kc3 59. Kb5 Kxb3 60. Kc6 Kxa4 0-1

[Event "December 12 Early 2023"]
[Site "https://www.chess.com"]
[Date "2023.12.12"]
[Round "4"]
[White "Chernomordik, Pavel"]
[Black "Shapiro, Daniel"]
[Result "0-1"]
[Board "160"]
[TimeControl "180+1"]
[WhiteFideId "2804530"]
[BlackFideId "2001780"]
[WhiteElo "2506"]
[BlackElo "2315"]
[WhiteTeam "ISR"]
[BlackTeam "USA"]
[WhiteClock "0:00:00"]
[BlackClock "0:00:07"]

1. e4 c5 2. Nc3 a6 3. g3 b5 4. Bg2 Bb7 5. Qe2 e6 6. f4 d6 7. d3 g6 8. f5 Bg7 9. fxe6 fxe6 10. Bh3 Nc6 11. Nf3 Nd4 12. Nxd4 cxd4 13. Nd1 Qe7 14. O-O Nf6 15. e5 dxe5 16. Qxe5 O-O 17. Qxe6+ Qxe6 18. Bxe6+ Kh8 19. Nf2 Rae8 20. Bb3 Re2 21. Bf4 Ng4 22. Ne4 Nxh2 23. Rf2 Rxf2 24. Nxf2 Nf3+ 25. Kf1 g5 26. Bd6 Nh2+ 27. Ke2 Re8+ 28. Ne4 Bxe4 29. dxe4 Rxe4+ 30. Kf2 Re3 31. Rh1 Ng4+ 32. Kg2 h6 33. Rf1 h5 34. Rf5 Re2+ 35. Kf1 Rd2 36. Rxg5 Nh2+ 37. Ke1 Nf3+ 38. Kf1 Nxg5 39. Bf4 Nf3 40. Bxd2 Nxd2+ 41. Ke2 Nxb3 42. axb3 Kh7 43. Kf3 Kg6 44. Kf4 Bh6+ 45. Ke4 Kg5 46. Kxd4 Kg4 47. Kc5 Kxg3 48. Kb6 h4 49. c4 h3 50. c5 h2 51. c6 h1=Q 52. c7 Bf4 53. c8=Q Bc7+ 54. Qxc7+ Kg4 55. Kxa6 Kf5 56. Kxb5 Qf1+ 57. Qc4 Qd1 0-1

[Event "December 12 Early 2023"]
[Site "https://www.chess.com"]
[Date "2023.12.12"]
[Round "4"]
[White "Shinkarev, M"]
[Black "Barbot, Pierre"]
[Result "1/2-1/2"]
[Board "161"]
[TimeControl "180+1"]
[WhiteFideId "4145348"]
[BlackFideId "663727"]
[WhiteElo "2504"]
[BlackElo "2314"]
[WhiteTeam "RUS"]
[BlackTeam "FRA"]
[WhiteClock "0:00:37"]
[BlackClock "0:00:13"]

1. c4 Nf6 2. g3 g6 3. Bg2 d5 4. cxd5 Nxd5 5. Nc3 Nb6 6. Nf3 Bg7 7. O-O O-O 8. d3 Nc6 9. a3 e5 10. Rb1 h6 11. b4 Be6 12. Ne4 a5 13. Nc5 Bd5 14. Nxb7 Qe7 15. e4 Ba2 16. Rb2 axb4 17. Rxa2 Rfb8 18. Qb3 Rxb7 19. axb4 Rxa2 20. Qxa2 Qxb4 21. Ba3 Qc3 22. Rd1 Ra7 23. Bb2 Rxa2 24. Bxc3 Ra3 25. Bb2 Rb3 26. Ba1 Nd4 27. Nxd4 exd4 28. f4 Na4 29. e5 Nc3 30. Re1 Kf8 31. Kf2 Ke7 32. Rc1 f6 33. Bxc3 dxc3 34. Bd5 Rb2+ 35. Kf3 fxe5 36. fxe5 Bxe5 37. Ke4 Bf6 38. d4 Kd6 39. Rxc3 Re2+ 40. Kf3 Rxh2 41. Be4 Bxd4 42. Rc6+ Ke5 43. Bxg6 Rf2+ 44. Kg4 Rf6 45. Rxf6 Kxf6 46. Bd3 Ke5 47. Kf3 Bb2 48. g4 Bc1 49. Bf5 Kd4 50. Ke2 c5 51. Kd1 Bg5 52. Kc2 c4 53. Bc8 c3 54. Bd7 Bd2 55. Bc8 Ke3 56. Bd7 Kf4 57. Bc8 Kg5 58. Bd7 Kf6 59. Bc8 Ke7 60. Bf5 Kd6 61. Bc8 Kc7 62. Bf5 Kc6 63. Be6 Kd6 64. Bf5 Kd5 65. Bc8 Ke5 66. Bd7 Kf4 67. Bc8 Kg3 68. Bd7 Kh4 69. Be6 Kg5 70. Bd7 Kg6 71. Bf5+ Kf6 72. Bc8 Ke5 73. Bd7 Kd6 74. Bc8 Kc7 75. Bf5 Kc6 76. Be6 Kd6 77. Bf5 Ke5 78. Bd7 1/2-1/2

[Event "December 12 Early 2023"]
[Site "https://www.chess.com"]
[Date "2023.12.12"]
[Round "4"]
[White "Grutter, Tim"]
[Black "Tarasova, Viktoriya"]
[Result "1-0"]
[Board "162"]
[TimeControl "180+1"]
[WhiteFideId "1057472"]
[BlackFideId "4175840"]
[WhiteElo "2503"]
[BlackElo "2314"]
[WhiteTeam "NED"]
[BlackTeam "RUS"]
[WhiteClock "0:00:43"]
[BlackClock "0:00:00"]

1. e4 e5 2. Nc3 Nf6 3. d4 exd4 4. Qxd4 Nc6 5. Qd3 Bb4 6. Bd2 O-O 7. O-O-O Re8 8. f3 d6 9. a3 Ba5 10. g4 Ne5 11. Qb5 Bb6 12. Bg2 Be6 13. Qe2 Nc4 14. Kb1 Nxd2+ 15. Rxd2 c6 16. Qd1 Ba5 17. Nge2 d5 18. g5 Nd7 19. f4 dxe4 20. Bxe4 f5 21. gxf6 Qxf6 22. Rxd7 Bxd7 23. Qxd7 Rad8 24. Qxb7 Rb8 25. Qxc6 Bxc3 26. Nxc3 Qxf4 27. Re1 Kh8 28. Rd1 Qxh2 29. Rh1 Qe5 30. Rxh7+ Kg8 31. Qc4+ Kf8 32. Rh8+ Ke7 33. Nd5+ Kd6 34. Qc7+ 1-0

[Event "December 12 Early 2023"]
[Site "https://www.chess.com"]
[Date "2023.12.12"]
[Round "4"]
[White "Ruge, Edison"]
[Black "Spichkin, Alexander"]
[Result "1-0"]
[Board "163"]
[TimeControl "180+1"]
[WhiteFideId "4401000"]
[BlackFideId "4144074"]
[WhiteElo "2312"]
[BlackElo "2502"]
[WhiteTeam "COL"]
[BlackTeam "RUS"]
[WhiteClock "0:01:17"]
[BlackClock "0:01:27"]

1. e4 e5 2. Nf3 d5 3. d3 dxe4 4. dxe4 Qxd1+ 5. Kxd1 Nc6 6. c3 Bg4 7. Kc2 O-O-O 8. Be3 f5 9. h3 Bxf3 10. gxf3 f4 11. Bd2 Bc5 12. Be1 a5 13. Bb5 Nge7 14. Nd2 g5 15. a3 h6 16. b4 Bb6 17. Nc4 Kb8 18. Rb1 axb4 19. axb4 Ng6 20. Nxb6 cxb6 21. Be2 Rd7 22. Rd1 Rhd8 23. Rxd7 Rxd7 24. Bd2 Kc7 25. Bc1 Rd8 26. Rd1 Rxd1 27. Kxd1 Kd6 28. Kc2 Nh4 29. b5 Nd8 30. Ba3+ Ke6 31. Bf8 h5 32. Kd2 Nf7 33. Bc4+ Kf6 34. Ke2 g4 35. fxg4 hxg4 36. hxg4 f3+ 37. Ke3 Nh6 38. Bxh6 Kg6 39. Bf8 Kg5 40. Be7+ Kxg4 41. Bxh4 Kxh4 42. Kxf3 Kg5 43. Bd5 Kf6 44. Bxb7 1-0

[Event "December 12 Early 2023"]
[Site "https://www.chess.com"]
[Date "2023.12.12"]
[Round "4"]
[White "Dinu, Dumitru-Daniel"]
[Black "Marcziter, Dmitrii"]
[Result "1-0"]
[Board "164"]
[TimeControl "180+1"]
[WhiteFideId "1208403"]
[BlackFideId "13900765"]
[WhiteElo "2501"]
[BlackElo "2310"]
[WhiteTeam "ROU"]
[BlackTeam "GER"]
[WhiteClock "0:00:32"]
[BlackClock "0:00:28"]

1. e4 c5 2. Nf3 a6 3. c4 e6 4. d4 cxd4 5. Nxd4 Nf6 6. Nc3 Qc7 7. Be3 b6 8. f3 Bb7 9. Qd2 Nc6 10. Be2 Ne5 11. Rc1 Ng6 12. a3 h5 13. b4 h4 14. Nd5 exd5 15. cxd5 Qe5 16. Nf5 Nxd5 17. Bd4 Qf4 18. Qb2 f6 19. O-O Nde7 20. Be3 Qe5 21. Qxe5 Nxe5 22. Nd6+ Kd8 23. Bxb6# 1-0

[Event "December 12 Early 2023"]
[Site "https://www.chess.com"]
[Date "2023.12.12"]
[Round "4"]
[White "Parfenov, Viktor N."]
[Black "Nasybullina, Alfia"]
[Result "1-0"]
[Board "165"]
[TimeControl "180+1"]
[WhiteFideId "4165969"]
[BlackFideId "4132416"]
[WhiteElo "2498"]
[BlackElo "2286"]
[WhiteTeam "RUS"]
[BlackTeam "KAZ"]
[WhiteClock "0:02:10"]
[BlackClock "0:02:05"]

1. e4 c6 2. d4 d5 3. exd5 cxd5 4. c4 Nf6 5. Nc3 Nc6 6. Bg5 dxc4 7. Bxc4 e6 8. Nf3 Be7 9. O-O O-O 10. Re1 Nb4 11. Ne5 Nfd5 12. Bd2 a6 13. a3 b5 14. Bb3 Nxc3 15. bxc3 Nd5 16. Nc6 Qc7 17. Bxd5 Bd6 18. Bf3 Bb7 19. Ne5 1-0

[Event "December 12 Early 2023"]
[Site "https://www.chess.com"]
[Date "2023.12.12"]
[Round "4"]
[White "Antonio, Jorge Carlos"]
[Black "Kraiouchkine, Nikita"]
[Result "0-1"]
[Board "166"]
[TimeControl "180+1"]
[WhiteFideId "113190"]
[BlackFideId "2607140"]
[WhiteElo "2305"]
[BlackElo "2496"]
[WhiteTeam "ARG"]
[BlackTeam "CAN"]
[WhiteClock "0:01:39"]
[BlackClock "0:00:16"]

1. d4 d5 2. Nf3 Nf6 3. Bf4 e6 4. e3 b6 5. c3 Bb7 6. Bd3 Nbd7 7. Nbd2 Ne4 8. O-O f5 9. Ne5 Nxe5 10. Bxe5 Qd7 11. f3 Nxd2 12. Qxd2 Bd6 13. f4 Bxe5 14. fxe5 a5 15. c4 dxc4 16. Bxc4 Bd5 17. Bxd5 Qxd5 18. Rac1 c5 19. Qc3 cxd4 20. exd4 O-O 21. Rfd1 Rac8 22. Qe3 Qxa2 23. Rxc8 Rxc8 24. d5 exd5 25. e6 Qc4 26. e7 Qe4 27. Qxb6 Qxe7 28. Rxd5 Qe1# 0-1

[Event "December 12 Early 2023"]
[Site "https://www.chess.com"]
[Date "2023.12.12"]
[Round "4"]
[White "Cardozo Munar, Carlos Eduardo"]
[Black "Reprintsev, Alexander"]
[Result "0-1"]
[Board "167"]
[TimeControl "180+1"]
[WhiteFideId "4409477"]
[BlackFideId "14100541"]
[WhiteElo "2278"]
[BlackElo "2493"]
[WhiteTeam "COL"]
[BlackTeam "UKR"]
[WhiteClock "0:00:09"]
[BlackClock "0:00:53"]

1. g3 d5 2. Bg2 Nc6 3. d4 Be6 4. c3 Qd7 5. Nf3 Bh3 6. Bxh3 Qxh3 7. Bf4 f6 8. Nbd2 g5 9. Bxc7 Rc8 10. Qb3 Rxc7 11. Qxd5 e6 12. Qb3 h5 13. O-O-O Nge7 14. Ne4 Nd5 15. c4 Qf5 16. Ned2 Nb6 17. e4 Qa5 18. Kb1 Qa4 19. d5 Qxb3 20. axb3 Ne5 21. Nxe5 fxe5 22. Nf3 exd5 23. exd5 Rf7 24. Nxe5 Rxf2 25. Rhe1 Kd8 26. Rf1 Rxf1 27. Rxf1 Rg8 28. Rf7 Be7 29. Rh7 h4 30. g4 Nd7 31. Nf7+ Ke8 32. Nh6 Nf6 33. Nxg8 Nxh7 34. Nh6 h3 35. Kc2 Bd6 36. Kd3 Bxh2 37. Ke2 Be5 38. b4 h2 0-1

[Event "December 12 Early 2023"]
[Site "https://www.chess.com"]
[Date "2023.12.12"]
[Round "4"]
[White "Player, Edmund C"]
[Black "GMFYHR1"]
[Result "1-0"]
[Board "168"]
[TimeControl "180+1"]
[WhiteFideId "406520"]
[WhiteElo "2258"]
[BlackElo "2492"]
[WhiteTeam "ENG"]
[WhiteClock "0:00:09"]
[BlackClock "0:00:33"]

1. Nc3 d5 2. e4 dxe4 3. Nxe4 Bf5 4. Ng3 Bg6 5. Bc4 e6 6. Nf3 Nf6 7. d4 Nbd7 8. O-O Be7 9. Re1 O-O 10. Nh4 c5 11. Nxg6 hxg6 12. Be3 Rc8 13. Qe2 Qc7 14. dxc5 Bxc5 15. Bxc5 Qxc5 16. Bd3 Rfd8 17. Rad1 Qa5 18. a3 Qb6 19. c4 Nc5 20. b4 Nxd3 21. Rxd3 Rxd3 22. Qxd3 Rd8 23. Qc2 Qd4 24. c5 a5 25. b5 Rc8 26. c6 bxc6 27. bxc6 Qd6 28. Rc1 Qxa3 29. Rd1 Nd5 30. Ne4 Rc7 31. h4 a4 32. h5 gxh5 33. Rb1 Nb4 34. Qc5 Rxc6 35. Qxb4 Qd3 36. Kh2 Rc4 37. Qb8+ Kh7 38. Ng5+ Kg6 39. Nf3 a3 40. Ne5+ 1-0

[Event "December 12 Early 2023"]
[Site "https://www.chess.com"]
[Date "2023.12.12"]
[Round "4"]
[White "Gutierrez Olivares, Daniel"]
[Black "Mishra, Manoj"]
[Result "1-0"]
[Board "169"]
[TimeControl "180+1"]
[WhiteFideId "2264005"]
[BlackFideId "5006007"]
[WhiteElo "2489"]
[BlackElo "2249"]
[WhiteTeam "ESP"]
[BlackTeam "IND"]
[WhiteClock "0:01:09"]
[BlackClock "0:00:00"]

1. Nf3 Nc6 2. c4 e5 3. d4 exd4 4. Nxd4 Nf6 5. Nc3 Bc5 6. Nb3 Bb4 7. Bd2 d6 8. g3 Qe7 9. Bg2 Ne5 10. Nd4 Nxc4 11. Qa4+ Bd7 12. Qxb4 Ne5 13. Qxb7 O-O 14. O-O Rab8 15. Qxa7 Rxb2 16. Bg5 h6 17. Nd5 Nxd5 18. Bxe7 Nxe7 19. Qxc7 N7g6 20. Qxd6 Bg4 21. Rfb1 Rd2 22. Qb4 Rxe2 23. Nxe2 Bxe2 24. Qd6 Nf3+ 25. Bxf3 Bxf3 26. Rb8 Rxb8 27. Qxb8+ Kh7 28. a4 h5 29. a5 h4 30. a6 h3 31. Qc8 Ne7 32. Qd7 1-0

[Event "December 12 Early 2023"]
[Site "https://www.chess.com"]
[Date "2023.12.12"]
[Round "4"]
[White "Adelman, Charles"]
[Black "Musalov, Ruslan"]
[Result "1-0"]
[Board "170"]
[TimeControl "180+1"]
[WhiteFideId "2003597"]
[BlackFideId "4141490"]
[WhiteElo "2248"]
[BlackElo "2487"]
[WhiteTeam "USA"]
[BlackTeam "RUS"]
[WhiteClock "0:00:17"]
[BlackClock "0:00:02"]

1. Nf3 Nf6 2. b3 g6 3. Bb2 Bg7 4. g3 O-O 5. Bg2 d6 6. d4 Nbd7 7. O-O e5 8. dxe5 Ng4 9. c4 Ngxe5 10. Nxe5 Nxe5 11. Nc3 Nc6 12. Qd2 a5 13. Rad1 Be6 14. Nd5 a4 15. Bxg7 Kxg7 16. Qc3+ f6 17. Nf4 Bf7 18. c5 axb3 19. axb3 Ra3 20. cxd6 Rxb3 21. Qc5 cxd6 22. Rxd6 Qb6 23. Qxb6 Rxb6 24. Rc1 Rc8 25. Rd7 Rb2 26. Bd5 Rf8 27. Ne6+ Kg8 28. Nxf8 Bxd5 29. Nxg6 Be6 30. Rd6 Kf7 31. Nf4 Bf5 32. Nd5 Be6 33. Nf4 Bf5 34. f3 Ke7 35. Rdxc6 bxc6 36. Rxc6 Kf7 37. Kf2 Rd2 38. g4 Bd7 39. Rb6 Ba4 40. Nh5 Bd1 41. Rxf6+ Ke7 42. Rh6 Rxe2+ 43. Kg3 Re3 44. Rxh7+ Kf8 45. Ra7 Rxf3+ 46. Kh4 Rf2 47. h3 Rh2 48. Kg3 Rh1 49. Nf4 Rg1+ 50. Kh4 Rf1 51. Kg5 Bf3 52. Ng6+ Kg8 53. Ne5 Bd5 54. h4 Re1 55. Ng6 Be6 56. h5 Rg1 57. Ne5 Rg2 58. Kf6 Bxg4 59. Rg7+ Kh8 60. Rxg4 Rf2+ 61. Kg6 Rh2 62. h6 Rxh6+ 63. Kf7 Rh7+ 64. Kf8 Rh5 65. Rg8+ Kh7 66. Rg7+ Kh6 67. Nf7# 1-0

[Event "December 12 Early 2023"]
[Site "https://www.chess.com"]
[Date "2023.12.12"]
[Round "4"]
[White "Clawitter, Craig"]
[Black "Kovalevsky, Stanislav"]
[Result "0-1"]
[Board "171"]
[TimeControl "180+1"]
[WhiteFideId "2023105"]
[BlackFideId "13508598"]
[WhiteElo "2240"]
[BlackElo "2482"]
[WhiteTeam "USA"]
[BlackTeam "FID"]
[WhiteClock "0:00:45"]
[BlackClock "0:01:56"]

1. e4 c6 2. d4 d5 3. e5 c5 4. dxc5 e6 5. Nf3 Bxc5 6. a3 Nc6 7. b4 Be7 8. Bd3 f6 9. Bb2 Nh6 10. O-O O-O 11. Nbd2 Nf7 12. Re1 fxe5 13. Nxe5 Nfxe5 14. Bxe5 Nxe5 15. Rxe5 Bf6 16. Rh5 g6 17. Rxh7 Bxa1 18. Qg4 Qf6 19. Nf3 Kxh7 20. Qh5+ Kg7 0-1

[Event "December 12 Early 2023"]
[Site "https://www.chess.com"]
[Date "2023.12.12"]
[Round "4"]
[White "Dann, Matthias"]
[Black "Srivatsan Karthikeyan"]
[Result "1-0"]
[Board "173"]
[TimeControl "180+1"]
[WhiteFideId "24638056"]
[BlackFideId "25684248"]
[WhiteElo "2473"]
[BlackElo "2227"]
[WhiteTeam "GER"]
[BlackTeam "IND"]
[WhiteClock "0:00:03"]
[BlackClock "0:00:04"]

1. e4 e5 2. Nf3 Nc6 3. Bb5 a6 4. Ba4 Nf6 5. O-O Be7 6. Re1 b5 7. Bb3 O-O 8. a4 b4 9. d3 d6 10. a5 Bg4 11. Be3 Rb8 12. h3 Be6 13. Nbd2 d5 14. Ba4 dxe4 15. dxe4 Nxa5 16. Nxe5 c5 17. Qe2 Qb6 18. Ndc4 Nxc4 19. Nxc4 Qc7 20. g3 Rbd8 21. Bf4 Qa7 22. Ne5 Bxh3 23. Nc6 Qb7 24. Nxd8 Rxd8 25. Bb3 Bc8 26. Bc4 Qd7 27. Bxa6 Bxa6 28. Rxa6 Qh3 29. e5 Ng4 30. f3 Nh6 31. e6 f6 32. Ra7 Kf8 33. Qf2 Nf5 34. g4 Nd4 35. Bg3 h5 36. c3 bxc3 37. bxc3 Nc6 38. Rc7 Rd6 39. Bxd6 Bxd6 40. Rxc6 Bg3 41. e7+ Kf7 42. e8=Q# 1-0

[Event "December 12 Early 2023"]
[Site "https://www.chess.com"]
[Date "2023.12.12"]
[Round "4"]
[White "Osmonbekov, Talaibek"]
[Black "Kochiev, Ivan"]
[Result "0-1"]
[Board "174"]
[TimeControl "180+1"]
[WhiteFideId "2017253"]
[BlackFideId "2917890"]
[WhiteElo "2213"]
[BlackElo "2473"]
[WhiteTeam "USA"]
[BlackTeam "BUL"]
[WhiteClock "0:00:00"]
[BlackClock "0:00:03"]

1. d4 Nf6 2. Nc3 d5 3. Bf4 a6 4. e3 Bf5 5. Nf3 e6 6. Ne5 c5 7. g4 Bg6 8. h4 h5 9. Nxg6 fxg6 10. Bd3 Nxg4 11. Bxg6+ Kd7 12. dxc5 Bxc5 13. Nxd5 Kc8 14. Nc3 Qf6 15. Ne4 Bb4+ 16. c3 Qxg6 17. cxb4 Qxe4 18. Rc1+ Nc6 19. Qd6 e5 20. f3 Qxf3 21. Rf1 Qe4 22. Qe6+ Kb8 23. Qd6+ Ka7 24. Qc5+ b6 25. Qxc6 Qxc6 26. Rxc6 exf4 27. Rxf4 Kb7 28. Rg6 Rhf8 29. Rxg7+ Kc6 30. Rg6+ Kb5 31. Rg5+ Ka4 32. b5+ Rxf4 33. exf4 axb5 34. Rxh5 Rf8 35. f5 Ne3 36. Rg5 Nxf5 37. h5 Nh6 38. Rg6 Nf5 39. Rxb6 Rh8 40. h6 Rxh6 41. Rb8 Kb4 42. Kd2 Re6 43. a3+ Kc4 44. b3+ Kc5 45. Rc8+ Rc6 46. Rf8 Nd6 47. Rh8 Kb6 0-1

[Event "December 12 Early 2023"]
[Site "https://www.chess.com"]
[Date "2023.12.12"]
[Round "4"]
[White "Vincenti, Leonardo"]
[Black "Mestnikov, Aisen"]
[Result "0-1"]
[Board "175"]
[TimeControl "180+1"]
[WhiteFideId "28550820"]
[BlackFideId "34130117"]
[WhiteElo "2226"]
[BlackElo "2471"]
[WhiteTeam "ITA"]
[BlackTeam "RUS"]
[WhiteClock "0:01:15"]
[BlackClock "0:01:59"]

1. e4 e5 2. Nf3 Nc6 3. d4 exd4 4. Nxd4 Nf6 5. Nc3 Bc5 6. Nf5 O-O 7. Be3 Bxe3 8. Nxe3 Re8 9. f3 d6 10. Qd2 a6 11. h4 b5 12. O-O-O Ne5 13. Be2 Nh5 14. Ned5 c6 15. Nf4 Ng3 16. Rh2 Qf6 17. h5 h6 18. Qe3 b4 19. Na4 Qxf4 20. Qxf4 Nxe2+ 21. Kb1 Nxf4 22. Rxd6 Nc4 0-1

[Event "December 12 Early 2023"]
[Site "https://www.chess.com"]
[Date "2023.12.12"]
[Round "4"]
[White "Senft, Sean"]
[Black "Semenova, Alina"]
[Result "1-0"]
[Board "176"]
[TimeControl "180+1"]
[WhiteFideId "2044960"]
[BlackFideId "24113875"]
[WhiteElo "2470"]
[BlackElo "2188"]
[WhiteTeam "USA"]
[BlackTeam "RUS"]
[WhiteClock "0:00:19"]
[BlackClock "0:00:04"]

1. d4 Nf6 2. c4 e6 3. Nc3 d5 4. cxd5 exd5 5. Bg5 Be7 6. e3 c6 7. Bd3 O-O 8. Nf3 Nbd7 9. O-O a5 10. Qc2 h6 11. Bh4 Re8 12. Rae1 Ne4 13. Bxe7 Qxe7 14. Nd2 Nxd2 15. Qxd2 Nf6 16. f3 b6 17. e4 dxe4 18. fxe4 Ba6 19. Bxa6 Rxa6 20. e5 Nd5 21. Qf2 Rd8 22. Kh1 Ra7 23. h3 b5 24. Ne4 Nc7 25. Nd6 Ne8 26. Nf5 Qe6 27. Qg3 Rad7 28. Re4 Kh7 29. Rg4 g6 30. Nxh6 Kxh6 31. Rh4+ Kg7 32. Qf4 g5 33. Qxg5+ Qg6 34. Qe3 Kf8 35. Rg4 Qh7 36. Rgf4 Re7 37. Qf3 Rd5 38. Qg3 c5 39. Rh4 Qg7 40. Rg4 Qh7 41. dxc5 Rdxe5 42. Rff4 Ng7 43. Rh4 Rh5 44. Kh2 Nf5 45. Rxh5 Qxh5 46. Qf2 Ng7 47. c6 Ne6 48. Rf5 Qh8 49. Qb6 Qd4 50. Qb8+ Qd8 51. Qg3 Qc7 52. Rxb5 Qxg3+ 53. Kxg3 Rc7 54. Rb6 Nd4 55. Ra6 Rxc6 56. Rxa5 Rc2 57. b4 Rb2 58. a3 Nc2 59. Ra8+ Kg7 60. Ra7 Rb3+ 61. Kf4 Rxa3 62. Rxa3 Nxa3 63. Ke5 Kg6 64. g4 Kh6 65. Kf6 Nb5 66. Kxf7 Kg5 67. Ke6 Na3 68. Kd5 Nb5 69. Kc5 Nc7 70. b5 Ne6+ 71. Kd6 Nd8 72. b6 Nb7+ 73. Kc7 Nc5 74. b7 Kh4 75. b8=Q Na6+ 76. Kb7 Nxb8 77. Kxb8 1-0

[Event "December 12 Early 2023"]
[Site "https://www.chess.com"]
[Date "2023.12.12"]
[Round "4"]
[White "Perossa, Nicolas"]
[Black "Verbin, Valentina"]
[Result "1-0"]
[Board "177"]
[TimeControl "180+1"]
[WhiteFideId "2850520"]
[BlackFideId "13905910"]
[WhiteElo "2465"]
[BlackElo "2162"]
[WhiteTeam "ITA"]
[BlackTeam "MDA"]
[WhiteClock "0:00:04"]
[BlackClock "0:00:00"]

1. d4 Nf6 2. Nc3 d5 3. e4 dxe4 4. f3 c5 5. Be3 cxd4 6. Bxd4 Nc6 7. Bb5 exf3 8. Nxf3 Bg4 9. O-O e6 10. Ne5 Bxd1 11. Nxc6 bxc6 12. Bxc6+ Nd7 13. Raxd1 Rc8 14. Ba4 Bd6 15. Bxg7 Qb6+ 16. Bd4 Bc5 17. Bxd7+ Ke7 18. Bxc5+ Rxc5 19. Kh1 Rd8 20. Na4 Qc7 21. Nxc5 Qxc5 22. Ba4 Qf2 23. h3 Rxd1 24. Rxd1 a5 25. Bb3 Qe2 26. Rd7+ Kf6 27. Rd3 h5 28. Rf3+ Ke7 29. Rc3 h4 30. Rc4 Kf6 31. Kh2 Qe5+ 32. Kh1 Qxb2 33. Rxh4 Qa1+ 34. Kh2 Qe5+ 35. g3 Qe2+ 36. Kh1 Qf1+ 37. Kh2 Qf2+ 38. Kh1 e5 39. Rg4 Qf1+ 40. Kh2 Ke7 41. h4 f5 42. Rg7+ Kd6 43. Rg6+ Kc5 44. h5 Qf2+ 45. Kh3 Qf1+ 46. Kh4 Qh1+ 47. Kg5 f4 48. gxf4 Qg2+ 49. Kf5 Qh3+ 50. Kxe5 Qxh5+ 51. Rg5 Qe8+ 52. Kf6+ Kb4 53. Bf7 Qd8+ 54. Kg7 a4 55. Rg6 Qd4+ 56. Rf6 Ka3 57. Be6 Kb2 58. f5 a3 59. Kf7 Kxc2 60. Bb3+ Kb2 61. Re6 Qd7+ 62. Kf6 Kc3 63. Kg6 Kd4 64. f6 1-0

[Event "December 12 Early 2023"]
[Site "https://www.chess.com"]
[Date "2023.12.12"]
[Round "4"]
[White "Nikulina, Alena"]
[Black "Kotyk, Michael"]
[Result "0-1"]
[Board "178"]
[TimeControl "180+1"]
[WhiteFideId "4172051"]
[BlackFideId "16214501"]
[WhiteElo "2055"]
[BlackElo "2463"]
[WhiteTeam "RUS"]
[BlackTeam "GER"]
[WhiteClock "0:00:00"]
[BlackClock "0:00:15"]

1. e4 c5 2. Nf3 e6 3. d4 cxd4 4. Nxd4 Nc6 5. Nc3 Qc7 6. g3 a6 7. Bg2 Nf6 8. O-O Nxd4 9. Qxd4 Bc5 10. Qd3 Ng4 11. Bf4 Ne5 12. Qe2 b5 13. a3 Bb7 14. Rad1 d6 15. Kh1 O-O 16. Be3 Bxe3 17. Qxe3 Nc4 18. Qc1 Rac8 19. f4 Nxa3 20. Rf2 Nc4 21. b3 Nb6 22. Na2 d5 23. e5 a5 24. Qe3 Qc5 25. Qe2 b4 26. Nc1 Rc7 27. Nd3 Qc3 28. f5 Bc6 29. f6 Nd7 30. Qg4 g6 31. Qg5 Kh8 32. Rf4 Rg8 33. Rh4 Nf8 34. Qh6 d4 35. Bxc6 Qxc6+ 36. Kg1 Qxc2 37. Nf2 d3 38. Rd2 Qc1+ 39. Kg2 Qc6+ 0-1

[Event "December 12 Early 2023"]
[Site "https://www.chess.com"]
[Date "2023.12.12"]
[Round "4"]
[White "Saim, Mohamed Ilias"]
[Black "Kiremitciyan, Ari"]
[Result "0-1"]
[Board "179"]
[TimeControl "180+1"]
[WhiteFideId "7900465"]
[BlackFideId "6373445"]
[WhiteElo "2051"]
[BlackElo "2457"]
[WhiteTeam "ALG"]
[BlackTeam "TUR"]
[WhiteClock "0:00:00"]
[BlackClock "0:00:34"]

1. c4 e5 2. g3 Nf6 3. Bg2 d5 4. cxd5 Nxd5 5. Nc3 Nb6 6. d3 Be7 7. Nf3 Nc6 8. O-O O-O 9. Be3 Re8 10. Rc1 Bf8 11. Ne4 Nd4 12. Nc5 c6 13. a4 Bxc5 14. Rxc5 Bg4 15. Bxd4 exd4 16. h3 Be6 17. a5 Nd7 18. Rc4 Bxc4 19. dxc4 c5 20. Ne1 Qxa5 21. Bxb7 Rab8 22. Bc6 Re7 23. Nd3 Qb6 24. Bf3 Ne5 25. Nxe5 Rxe5 26. Qa4 g6 27. Ra1 Re7 28. Ra2 Qb3 0-1